 Dungeon Crawl Stone Soup version 0.19-a0-805-g0a78ef0 (webtiles) character file.

18 ololoev the Vexing (level 2, -2/23 HPs)
             Began as a Ghoul Arcane Marksman on June 27, 2016.
             Slain by a kobold
             ... wielding a +0 whip
              (4 damage)
             ... on level 1 of the Dungeon.
             The game lasted 00:01:19 (736 turns).

ololoev the Vexing (Ghoul Arcane Marksman)           Turns: 736, Time: 00:01:19

Health: -2/23      AC:  6    Str: 14    XL:     2   Next: 70%
Magic:  2/2        EV:  9    Int:  8    God:
Gold:   22         SH:  0    Dex:  8    Spells: 0 memorised, 3 levels left

rFire  . . .     SeeInvis .     b - +0 mace
rCold  + . .     Gourm    .     i - +0 scale mail
rNeg   + + +     Faith    .     (no shield)
rPois  ∞         Spirit   .     (no helmet)
rElec  .         Dismiss  .     (no cloak)
rCorr  .         Reflect  .     (no gloves)
SustAt .         Harm     .     (no boots)
MR     .....                    (no amulet)
Stlth  ..........               (no ring)
                                (no ring)

@: rotting, not resistant to hostile enchantments, extremely unstealthy
A: rotting body, claws 1, carnivore 3, cold resistance 1, negative energy
resistance 3, slow regeneration 1, torment resistance, unbreathing
a: no special abilities


Innate Abilities, Weirdness & Mutations

Your body is rotting away.
You thrive on raw meat.
You are immune to poison.
You have sharp fingernails.
You are carnivorous and can eat meat at any time.
Your flesh is cold resistant. (rC+)
You are immune to negative energy. (rN+++)
You regenerate slowly when monsters are visible.
You are immune to unholy pain and torment.
You can survive without breathing.

Inventory:

Hand Weapons
 b - a +0 mace (weapon)
Missiles
 c - 5 javelins (quivered)
 d - 2 throwing nets
Armour
 i - a +0 scale mail (worn)
Scrolls
 e - a scroll of immolation {unknown}
 h - a scroll of amnesia {unknown}
Potions
 a - a potion of flight {unknown}
Comestibles
 f - a meat ration


   Skills:
 + Level 1.5 Fighting
 * Level 1.3 Maces & Flails
 + Level 2.0 Throwing
 + Level 0.1 Armour
 - Level 1.7 Dodging
 - Level 1.0 Spellcasting
   Level 2.4 Hexes


You had 3 spell levels left.
You didn't know any spells.


You were on level 1 of the Dungeon.
You were not hungry.

You visited 1 branch of the dungeon, and saw 1 of its levels.

You collected 22 gold pieces.

# # ####### #
#.[..%# #######
#.###.# ##...... #.#
#.# #......# #.# #.#
#..###.. #.# #K#
#..# ### #.# #@#
#..# # #.#
#.#########..# #
#.###!...........#
#...)....†######.#
#########.# ##.#####
#.# #.......
#################.#
#...####
................#.##
#.#.##
######.###....)....
..#...#

Notes
Turn   | Place    | Note
--------------------------------------------------------------
     0 | D:1      | ololoev the Ghoul Arcane Marksman began the quest for the Orb.
     0 | D:1      | Reached XP level 1. HP: 16/16 MP: 1/1
   273 | D:1      | Reached XP level 2. HP: 19/21 MP: 2/2
   282 | D:1      | Reached skill level 1 in Maces & Flails
   736 | D:1      | Slain by a kobold

Dungeon Overview and Level Annotations

Branches:
Dungeon (1/15)

Altars:


Message History

A kobold is nearby!
A kobold is nearby!
A kobold is nearby!
The kobold moves out of view.
No target in view!
No target in view!
No target in view!
No target in view!
No target in view!
No target in view!
No target in view!
No target in view!
No target in view!
No target in view!
No target in view!
Found a bread ration.
No target in view!
No target in view!
No target in view!
No target in view!
No target in view!
No target in view!
No target in view!
No target in view!
No target in view!
No target in view!
No target in view!
You see here a white potion.
A kobold is nearby!
A kobold is nearby!
A kobold is nearby!
A kobold is nearby!
You barely miss the kobold.
The kobold hits you but does no damage. x2
You hit the kobold.
The kobold is moderately wounded.
The kobold hits you but does no damage.
You hit the kobold.
The kobold is heavily wounded.
The kobold hits you with a whip.
You closely miss the kobold.
The kobold is heavily wounded.
The kobold barely misses you. The kobold hits you with a whip.
You closely miss the kobold.
The kobold is heavily wounded.
The kobold hits you with a whip. 2 kobolds come into view.
You are too injured to fight recklessly!
You are too injured to fight recklessly!
You are too injured to fight recklessly!
You are too injured to fight recklessly!
You are too injured to fight recklessly!
You are too injured to fight recklessly!
You are too injured to fight recklessly!
You are too injured to fight recklessly!
You are too injured to fight recklessly!
You are too injured to fight recklessly!
You are too injured to fight recklessly!
There are monsters nearby!
The kobold shouts!
You hit the kobold.
The kobold is heavily wounded.
The kobold hits you with a whip.
You closely miss the kobold.
The kobold is heavily wounded.
The kobold hits you with a whip. The kobold barely misses you.
You closely miss the kobold.
The kobold is heavily wounded.
The kobold hits you with a whip.
You hit the kobold.
You kill the kobold!
You hit the kobold.
The kobold is heavily wounded.
The kobold hits you but does no damage. x2
You closely miss the kobold.
The kobold is heavily wounded.
The kobold hits you but does no damage.
Found a ring mail.
You see here a ring mail.
The kobold hits you with a whip.
You die...

You could see a kobold.

Vanquished Creatures
  A bat (D:1)
  3 goblins (D:1)
  5 hobgoblins (D:1)
  5 kobolds (D:1)
  A ball python (D:1)
15 creatures vanquished.

Action                   || total
-------------------------++-------
Melee: Mace              ||    56
  Eat: Chunk             ||     2
Armor: Robe              ||     6
       Scale mail        ||    14
Dodge: Dodged            ||    32

Vault maps used:
D:1:      minmay_arrival_wavy_path
